 Dungeon Crawl Stone Soup version 0.20-a0-893-g832831a (webtiles) character file.

177 4thArraOfDagon the Skirmisher (level 5, -1/46 HPs)
             Began as a Demigod Wanderer on Mar 17, 2017.
             Killed by nerve-wracking pain
             ... invoked by an orc priest
              (3 damage)
             ... on level 4 of the Dungeon.
             The game lasted 00:06:56 (1663 turns).

4thArraOfDagon the Skirmisher (Demigod Wanderer)    Turns: 1663, Time: 00:06:57

Health: -1/46      AC:  8    Str: 18    XL:     5   Next: 9%
Magic:  8/8        EV:  9    Int: 16    God:
Gold:   73         SH:  0    Dex: 14    Spells: 4/4 levels left

rFire    . . .     SeeInvis .   w - +1 scythe (slice)
rCold    . . .     Gourm    .   u - +0 scale mail
rNeg     . . .     Faith    .   (shield currently unavailable)
rPois    .         Spirit   .   n - +0 helmet
rElec    .         Reflect  .   (no cloak)
rCorr    .         Harm     .   (no gloves)
MR       .....                  q - +0 pair of boots
Stlth    ..........             (no amulet)
Regen    0.2/turn               (no ring)
MPRegen  0.2/turn               g - ring of wizardry

@: no status effects
A: high mp 1
a: no special abilities


You were on level 4 of the Dungeon.
You were hungry.

You visited 1 branch of the dungeon, and saw 7 of its levels.

You collected 193 gold pieces.
You spent 120 gold pieces at shops.

Inventory:

Hand Weapons
 c - a +0 spear
 m - a +0 trident
 w - a +1 scythe of slicing (weapon)
Missiles
 e - 69 stones (quivered)
Armour
 d - a +0 robe
 j - a +0 ring mail
 n - a +0 helmet (worn)
 q - a +0 pair of boots (worn)
 u - a +0 scale mail (worn)
Jewellery
 g - a ring of wizardry (left hand)
Scrolls
 i - a scroll of recharging {unknown}
 k - a scroll of identify
 l - a scroll of enchant armour {unknown}
 o - 2 scrolls of amnesia {unknown}
 p - a scroll of teleportation
Books
 a - a book of Geomancy

   Spells                             Type                      Level
   a - Sandblast                      Earth                        1
   b - Passwall                       Transmutation/Earth          2
   c - Stone Arrow                    Conjuration/Earth            3
   d - Petrify                        Transmutation/Earth          4
   e - Lee's Rapid Deconstruction     Earth                        5
 b - Kikubaaqudgha's Collected Works on Dark Rites

   Spells                             Type                      Level
   a - Pain                           Necromancy                   1
   b - Vampiric Draining              Necromancy                   3
Comestibles
 f - 4 bread rations
 h - a fruit


   Skills:
 - Level 4.0 Fighting
 * Level 2.8 Polearms
 - Level 1.0 Dodging
 - Level 1.0 Stealth
   Level 2.6 Ice Magic
   Level 1.7 Earth Magic
   Level 1.0 Evocations


You had 4 spell levels left.
You didn't know any spells.

Dungeon Overview and Level Annotations

Branches:
Dungeon (7/15)
 Temple: D:4-7

Shops:
D:7 (

Annotations:
D:3 CalmDownMonkey's ghost, amateur GrEE
D:7 Dowan; Duvessa; Pikel; Prince Ribbit


Innate Abilities, Weirdness & Mutations

You have an increased reservoir of magic. (+10% MP)


Message History

You start resting.
The orc shouts!
The orc priest shouts!
Unknown command.
Unknown command.
Unknown command.
Found a thin diamond amulet.
Unknown command.
Unknown command.
Attack whom?
Press: ? - help, Dir - move target cursor, f - orc
Aim: an orc, wielding a whip You reach to attack!
You hit the orc.
The orc is severely wounded.
The orc priest calls down the wrath of Beogh upon you.
Beogh smites you!
* * * LOW HITPOINT WARNING * * *
The orc priest invokes the aid of Beogh against you.
Pain shoots through your body!
You die...

##.## ###.# #(..#
#.o.#
#...######.##########.
#...o......####[.....o
#......o......(..<...o
#....#.############..#
####.#.# ## .###...#o#
.......@.# ....######
" .#


You could see 2 orc priests and an orc.

Vanquished Creatures
  A hound (D:4)
  A worker ant (D:4)
  A killer bee zombie (D:6)
  5 adders
  An ooze (D:5)
  An adder skeleton (D:5)
  A dart slug (D:2)
  2 leopard geckos
  4 orcs
  A ball python (D:2)
  2 giant cockroaches
  4 goblins
  5 hobgoblins
  10 kobolds
  A quokka (D:6)
  A bat (D:2)
  3 rats
44 creatures vanquished.

Vanquished Creatures (others)
  6 fungi (D:4)
6 creatures vanquished.

Grand Total: 50 creatures vanquished

Notes
Turn   | Place    | Note
-------+----------+-------------------------------------------
     0 | D:1      | 4thArraOfDagon the Demigod Wanderer began the quest for the Orb.
     0 | D:1      | 4thArraOfDagon set off with: a book of Geomancy, Kikubaaqudgha's Collected Works on Dark Rites, a +0 spear, a +0 robe, a bread ration
     0 | D:1      | Reached XP level 1. HP: 17/17 MP: 3/3
    62 | D:1      | Identified Kikubaaqudgha's Collected Works on Dark Rites
    85 | D:1      | Reached skill level 2 in Fighting
   276 | D:2      | Reached XP level 2. HP: 23/25 MP: 5/5
   322 | D:3      | Reached skill level 3 in Fighting
   378 | D:3      | Noticed CalmDownMonkey's ghost (amateur GrEE)
   465 | D:2      | Reached XP level 3. HP: 18/31 MP: 6/6
   808 | D:3      | Found a hide-covered altar of Uskayaw.
   808 | D:3      | Found a bloodstained altar of Trog.
   809 | D:3      | Found a deep blue altar of Sif Muna.
  1052 | D:4      | Noticed a phantom
  1056 | D:5      | Entered Level 5 of the Dungeon
  1096 | D:5      | Found a shattered altar of Ashenzari.
  1118 | D:5      | Found a hazy altar of Hepliaklqana.
  1150 | D:7      | Found Okkage's Antique Weapon Emporium.
  1157 | D:7      | Bought a glowing scythe for 120 gold pieces
  1165 | D:7      | Noticed Prince Ribbit
  1183 | D:7      | Noticed a crocodile
  1207 | D:7      | Noticed Dowan
  1209 | D:7      | Noticed Duvessa
  1211 | D:7      | Noticed Pikel
  1211 | D:7      | Noticed a slave
  1211 | D:7      | Noticed a slave
  1212 | D:7      | Noticed a slave
  1212 | D:7      | Noticed a slave
  1322 | D:6      | Reached skill level 4 in Fighting
  1322 | D:6      | Reached XP level 4. HP: 20/40 MP: 7/7
  1343 | D:7      | Noticed an orc warrior
  1364 | D:6      | Found a hazy altar of Hepliaklqana.
  1401 | D:6      | Reached skill level 1 in Polearms
  1506 | D:4      | Reached XP level 5. HP: 6/46 MP: 8/8
  1663 | D:4      | HP: 2/46 [orc priest/divine providence (12)]
  1663 | D:4      | Killed from afar by an orc priest

Vault maps used:
D:1:      dpeg_arrival_rhombi
D:2:      minmay_kobold_bridge, first_bread
D:3:      gammafunk_temple_overflow_claw, minivault_24, goddamned_bats,
          uniq_robin
D:4:      fedhas_altar_3, minmay_temple_entry_nine_rooms
D:5:      nicolae_overflow_crystal_walls, basic_altar
D:6:      old_standard_altar, hex_large, uniq_menkaure
D:7:      grunt_gozag_breadcrumbs, serial_shops, shop, uniq_pikel,
          uniq_crazy_yiuf_cottage, uniq_prince_ribbit1, uniq_duvessa

Skill      XL: |  1  2  3  4 |
---------------+-------------+-----
Fighting       | 2 3 4 |  4.0
Polearms       | 2 |  2.8
Dodging        | |  1.0
Stealth        | |  1.0
Ice Magic      | |  2.6
Earth Magic    | |  1.7
Evocations     | |  1.0

Action                   |  1- 3 |  4- 6 || total
-------------------------+-------+-------++-------
Melee: Spear             |    45 |       ||    45
       Trident           |   111 |       ||   111
       Scythe            |     7 |    21 ||    28
  Use: Potion            |     5 |     2 ||     7
       Scroll            |     5 |       ||     5
  Eat: Royal jelly       |     1 |       ||     1
Armor: Ring mail         |    32 |       ||    32
       Scale mail        |    24 |     7 ||    31
       Skin              |       |    14 ||    14
Dodge: Dodged            |   106 |    14 ||   120
